 Dungeon Crawl Stone Soup version 0.23.0-3-gf3c87f2df8 (webtiles) character file.

Game seed: 11117439630736106162

144 Denreik the Digger (level 5, -6/37 HPs)
             Began as a Gnoll Earth Elementalist on Feb 22, 2019.
             Mangled by a killer bee (10 damage)
             ... on level 3 of the Dungeon.
             The game lasted 00:09:10 (2451 turns).

Denreik the Digger (Gnoll Earth Elementalist)       Turns: 2451, Time: 00:09:10

Health: -6/37      AC:  2    Str: 11    XL:     5   Next: 27%
Magic:  9/12       EV: 15    Int: 17    God:
Gold:   101        SH:  0    Dex: 16    Spells: 4/14 levels left

rFire    . . .     SeeInvis .   a - +4 whip
rCold    . . .     Gourm    .   (no shield)
rNeg     . . .     Faith    .   c - +0 robe
rPois    .         Spirit   .   (no helmet)
rElec    .         Reflect  .   (no cloak)
rCorr    .         Harm     .   (no gloves)
MR       .....                  (no boots)
Stlth    +++.......             (no amulet)
HPRegen  0.12/turn              (no ring)
MPRegen  0.13/turn              (no ring)

@: lethally poisoned (-6 -> -8)
A: distributed training, fangs 1, strong nose
a: no special abilities


You were on level 3 of the Dungeon.
You were not hungry.

You visited 1 branch of the dungeon, and saw 3 of its levels.

You collected 101 gold pieces.

Inventory:

Hand Weapons
 a - a +4 whip (weapon)
 b - a +0 hunting sling
 e - a +0 spear
 g - a +0 short sword
 h - a +0 mace
Missiles
 n - 149 stones (quivered)
Armour
 c - a +0 robe (worn)
Scrolls
 f - a scroll of fog {unknown}
 j - a scroll of amnesia {unknown}
 k - 3 scrolls of identify {unknown}
 l - 3 scrolls of teleportation {unknown}
 m - a scroll of noise {unknown}
 o - a scroll of remove curse {unknown}
Potions
 i - a potion of cancellation {unknown}
 p - a potion of curing {unknown}
Comestibles
 d - 4 rations


   Skills:
 + Level 1.4 Fighting
 + Level 1.4 Short Blades
 + Level 1.4 Long Blades
 + Level 1.4 Axes
 + Level 1.4 Maces & Flails
 + Level 1.4 Polearms
 + Level 1.4 Staves
 + Level 1.4 Slings
 + Level 1.4 Bows
 + Level 1.4 Crossbows
 + Level 1.4 Throwing
 + Level 1.4 Armour
 + Level 4.7 Dodging
 + Level 4.3 Stealth
 + Level 1.4 Shields
 + Level 1.4 Unarmed Combat
 + Level 5.1 Spellcasting
 + Level 1.1 Conjurations
 + Level 1.1 Hexes
 + Level 1.1 Charms
 + Level 1.1 Summonings
 + Level 1.1 Necromancy
 + Level 1.1 Translocations
 + Level 2.3 Transmutations
 + Level 1.1 Fire Magic
 + Level 1.1 Ice Magic
 + Level 1.1 Air Magic
 + Level 5.5 Earth Magic
 + Level 1.1 Poison Magic
 + Level 1.5 Invocations
 + Level 1.4 Evocations


You had 4 spell levels left.
You knew the following spells:

 Your Spells              Type           Power        Failure   Level  Hunger
a - Sandblast             Erth           ###...       1%          1    None
b - Passwall              Tmut/Erth      ###.....     4%          2    #......
c - Stone Arrow           Conj/Erth      ###...       11%         3    ###....
d - Petrify               Tmut/Erth      ###.....     26%         4    ####...

Your spell library contained the following spells:

 Spells                   Type           Power        Failure   Level  Hunger
 Lee's Rapid Deconstruct  Erth           ###.......   36%         5    ######.


Dungeon Overview and Level Annotations

Branches:
Dungeon (3/15)

Altars:
Okawaru
Uskayaw
Wu Jian
The Shining One


Innate Abilities, Weirdness & Mutations

Your experience applies equally to all skills.
You have very sharp teeth.
Your uncanny sense of smell can sniff out nearby items.


Message History

Unknown command.
Unknown command.
You feel sick. The killer bee closely misses you.
Casting: Passwall (safe; 4% risk of failure)
Confirm with . or Enter, or press ? or * to list all spells.
Aiming: Passwall (safe; 4% risk of failure)
Press: ? - help, Dir - move target cursor A rock wall.
You feel sick. The killer bee stings you. The killer bee misses you.
The killer bee closely misses you.
You begin to meditate on the wall.
You continue meditating on the rock.
The killer bee completely misses you. The killer bee closely misses you.
The killer bee stings you but does no damage. x2
You continue meditating on the rock.
The killer bee stings you. The killer bee closely misses you.
The killer bee stings you. The killer bee stings you!
* * * LOW HITPOINT WARNING * * *
The killer bee barely misses you. The killer bee completely misses you.
The killer bee barely misses you. The killer bee stings you!
You die...

#...... ##...... ##
#####...#### .
##.####.).....# ..
#....##)[)÷####
##.# #......##
..... ##....#...#
#.....###..#..###.#
#.y@y)...## ...
###yy.##....# #..
....###.##.# #.. ∆
..#.#.. ... .. ..
##...####y.## #..#
.## #.. #..


You could see 4 killer bees.

Vanquished Creatures
  A worker ant (D:2)
  4 gnolls (D:2)
  2 adders (D:2)
  An ooze (D:1)
  2 worms (D:2)
  A dart slug (D:2)
  A ball python (D:1)
  A giant cockroach (D:1)
  6 goblins
  8 hobgoblins
  8 kobolds
  A quokka (D:2)
  10 bats
  3 frilled lizards
  5 rats
54 creatures vanquished.

Notes
Turn   | Place    | Note
-------+----------+-------------------------------------------
     0 | D:1      | Denreik the Gnoll Earth Elementalist began the quest for
                  | the Orb.
     0 | D:1      | Reached XP level 1. HP: 13/13 MP: 6/6
   129 | D:1      | Reached XP level 2. HP: 19/19 MP: 7/7
   137 | D:1      | Learned a level 2 spell: Passwall
   658 | D:1      | Reached XP level 3. HP: 21/25 MP: 9/9
   750 | D:1      | Reached skill level 5 in Spellcasting
   976 | D:1      | Learned a level 3 spell: Stone Arrow
  1223 | D:2      | Reached skill level 1 in Invocations
  1229 | D:2      | Found a glowing golden altar of the Shining One.
  1274 | D:2      | Found an ornate altar of the Wu Jian Council.
  1338 | D:2      | Reached skill level 1 in Fighting
  1338 | D:2      | Reached skill level 1 in Short Blades
  1338 | D:2      | Reached skill level 1 in Long Blades
  1338 | D:2      | Reached skill level 1 in Axes
  1338 | D:2      | Reached skill level 1 in Maces & Flails
  1338 | D:2      | Reached skill level 1 in Polearms
  1338 | D:2      | Reached skill level 1 in Staves
  1338 | D:2      | Reached skill level 1 in Slings
  1338 | D:2      | Reached skill level 1 in Bows
  1338 | D:2      | Reached skill level 1 in Crossbows
  1338 | D:2      | Reached skill level 1 in Throwing
  1338 | D:2      | Reached skill level 1 in Armour
  1338 | D:2      | Reached skill level 1 in Shields
  1338 | D:2      | Reached skill level 1 in Unarmed Combat
  1338 | D:2      | Reached skill level 1 in Evocations
  1339 | D:2      | Reached XP level 4. HP: 31/32 MP: 7/11
  1605 | D:2      | Learned a level 4 spell: Petrify
  1617 | D:2      | Reached skill level 1 in Conjurations
  1617 | D:2      | Reached skill level 1 in Hexes
  1617 | D:2      | Reached skill level 1 in Charms
  1617 | D:2      | Reached skill level 1 in Summonings
  1617 | D:2      | Reached skill level 1 in Necromancy
  1617 | D:2      | Reached skill level 1 in Translocations
  1617 | D:2      | Reached skill level 1 in Fire Magic
  1617 | D:2      | Reached skill level 1 in Ice Magic
  1617 | D:2      | Reached skill level 1 in Air Magic
  1617 | D:2      | Reached skill level 1 in Poison Magic
  1745 | D:2      | Reached XP level 5. HP: 37/37 MP: 2/12
  1819 | D:2      | Found a hide-covered altar of Uskayaw.
  2222 | D:2      | Found an iron altar of Okawaru.
  2451 | D:3      | Mangled by a killer bee

Skill      XL: |  1  2  3  4 |
---------------+-------------+-----
Transmutations | 2 |  2.3
Spellcasting   | 5 |  5.1
Invocations    | 1 |  1.5
Fighting       | 1 |  1.4
Short Blades   | 1 |  1.4
Long Blades    | 1 |  1.4
Axes           | 1 |  1.4
Maces & Flails | 1 |  1.4
Polearms       | 1 |  1.4
Staves         | 1 |  1.4
Slings         | 1 |  1.4
Bows           | 1 |  1.4
Crossbows      | 1 |  1.4
Throwing       | 1 |  1.4
Armour         | 1 |  1.4
Shields        | 1 |  1.4
Unarmed Combat | 1 |  1.4
Evocations     | 1 |  1.4
Conjurations   | 1 |  1.1
Hexes          | 1 |  1.1
Charms         | 1 |  1.1
Summonings     | 1 |  1.1
Necromancy     | 1 |  1.1
Translocations | 1 |  1.1
Fire Magic     | 1 |  1.1
Ice Magic      | 1 |  1.1
Air Magic      | 1 |  1.1
Poison Magic   | 1 |  1.1
Dodging        | |  4.7
Stealth        | |  4.3
Earth Magic    | |  5.5

Action                   |  1- 3 |  4- 6 || total
-------------------------+-------+-------++-------
Melee: Club              |    11 |       ||    11
       Mace              |    22 |       ||    22
       Bite              |     3 |       ||     3
       Whip              |    14 |     8 ||    22
 Fire: Hunting sling     |       |     5 ||     5
 Cast: Sandblast         |    14 |    18 ||    32
       Stone Arrow       |       |    11 ||    11
       Passwall          |       |     1 ||     1
       Petrify           |       |     1 ||     1
 Stab: Sleeping          |     8 |       ||     8
  Eat: Chunk             |     1 |     5 ||     6
Armor: Robe              |     7 |     6 ||    13
Dodge: Dodged            |    39 |    28 ||    67
